cohdb
Replays
Latest Replays
All Replays
Popular Replays
Top Player Replays
Match Explorer
How It Works
Community
CoH3 Stats
Reddit
Sign in to upload your games and track your stats! →
Sign in with Steam
Match 46187934
Unlisted
Match 46187934
Overview
Messages
Build Orders
End
Royal Engineer Section
Selects Indian Artillery Battlegroup
Vickers Machine Gun Team
Construct Section Command Post
Dingo Light Scout Car
Infantry Section
Selects War Cry
Construct Platoon Command Post
Selects Gurkha Rifles Section
Infantry Section
Humber Armored Car
CAuMOH
MähnGiL
Gear-IV-G
Safety First
0
0
Comments
sign in to comment!
No comments posted yet!